 Dungeon Crawl Stone Soup version bcrawl-1.19.2-6-g6a88ae04c9 (webtiles) character file.

Game seed: 11135323750706886766

4761 Mrkan the Grappler (level 10, 0/104 HPs)
             Began as a Troll Fighter on Jan 7, 2020.
             Was a Priest of Trog.
             Slain by a manticore (7 damage)
             ... on level 8 of the Dungeon.
             The game lasted 00:11:05 (5514 turns).

Mrkan the Grappler (Troll Fighter)                  Turns: 5514, Time: 00:11:06

Health: 0/104      AC:  8    Str: 28    XL:     10   Next: 23%
Magic:  9/9        EV:  6    Int:  5    God:    Trog [***...]
Gold:   471        SH: 14    Dex: 10    Spells: 9/9 levels left

rFire    + . .     SeeInvis .     - Unarmed
rCold    + . .     Gourm    +   i - +0 large shield
rNeg     . . .     Faith    .   (armour unavailable)
rPois    .         Spirit   .   (helmet restricted)
rElec    .         Reflect  .   m - scarf {rC+ rF+}
rCorr    .         Harm     .   (gloves unavailable)
MR       .....                  (boots unavailable)
Stlth    +.........             d - amulet of inaccuracy (curse)
HPRegen  0.67/turn              (no ring)
MPRegen  0.11/turn              (no ring)

@: no status effects
A: large, almost no armour, unfitting armour, claws 3, fast metabolism 3,
gourmand, regeneration 1, AC +8
a: Berserk, Trog's Hand, Renounce Religion


You were on level 8 of the Dungeon.
You worshipped Trog.
Trog was most pleased with you.
You were completely stuffed.

You visited 1 branch of the dungeon, and saw 8 of its levels.

You collected 471 gold pieces.

Inventory:

Armour
 i - a +0 large shield (worn)
 m - a scarf of resistance (worn)
Jewellery
 a - a cursed -3 ring of dexterity {unknown}
 d - a cursed amulet of inaccuracy (around neck)
 f - a cursed -4 ring of protection {unknown}
 o - an uncursed ring of protection from fire
 u - a cursed -2 ring of evasion {unknown}
Wands
 l - a wand of random effects (15)
 s - a wand of digging (6)
 t - a wand of iceblast (9)
Scrolls
 h - 4 scrolls of teleportation
 k - 6 scrolls of identify
 p - a scroll of magic mapping {unknown}
 q - a scroll of amnesia
 w - a scroll of remove curse {unknown}
Potions
 b - 3 potions of might
 e - a potion of resistance {unknown}
 g - 2 potions of heal wounds
 j - 3 potions of mutation {unknown}
 n - 2 potions of curing {unknown}
 r - a potion of lignification {unknown}
Comestibles
 c - 16 rations {!d}
 v - a chunk of flesh


   Skills:
 + Level 7.7 Fighting
 - Level 2.4 Dodging
 - Level 2.0 Shields
 * Level 12.2 Unarmed Combat


You had 9 spell levels left.
You didn't know any spells.
Your spell library was empty.

Dungeon Overview and Level Annotations

Branches:
Dungeon (8/12)             Temple (0/1) D:6
   Lair: D:7-9          Orc: D:8-11

Altars:
Fedhas
Gozag
Hepliaklqana
Makhleb
Nemelex Xobeh
Okawaru
Qazlal
Ru
Sif Muna
Trog
Uskayaw
Wu Jian
Xom
Zin

Annotations:
D:5 2 transporters
D:7 2 transporters, Nr616's ghost, novice MiGl


Innate Abilities, Weirdness & Mutations

You cannot wear most types of armour.
Your thick skin is tough. (AC +8)
You are too large for most types of armour.
You have claws for hands.
Your metabolism is lightning-fast.
You like to eat raw meat.
Your natural rate of healing is unusually fast.


Message History

The manticore is lightly wounded.
The wight barely misses you.
The manticore bites you but does no damage.
The manticore claws you.
* * * LOW HITPOINT WARNING * * *
The manticore claws you.
* * * LOW HITPOINT WARNING * * *
You closely miss the manticore.
The manticore is lightly wounded.
You carefully extract the barbed spikes from your body.
The wight hits you but does no damage.
A wight comes into view. It is wielding a +0 hand axe.
The manticore bites you.
* * * LOW HITPOINT WARNING * * *
The manticore closely misses you.
The manticore claws you but does no damage.
You scratch the manticore.
The manticore is moderately wounded.
You block the wight's attack. x2; The manticore bites you!
You die...

#.. )............###
...##[.............
.........)........#
.z............#.#.######
............#.#.........
#.....).................
#....z........#.........
#.....H....####.#.######
######z@..####....##
#.............####
#................#
#..............#...
#.............## ..
...........>...# .
..##.#..........##
.#...#...........##.#
.##................


You could see a manticore and 3 wights.

Vanquished Creatures
  Joseph (D:7)
  A troll (D:7)
  Grinder (D:3)
  A hippogriff (D:6)
  Sigmund (D:3)
  2 humans (D:7)
  2 water moccasins
  2 ice beasts (D:7)
  An orc warrior (D:7)
  3 phantoms
  3 black bears
  2 ogres (D:5)
  3 centaurs
  3 bullfrogs
  2 big kobolds (D:6)
  A water moccasin zombie (D:5)
  3 scorpions
  4 killer bees (D:7)
  3 howler monkeys
  6 crimson imps
  A centaur zombie (D:7)
  3 hounds
  A quasit (D:6)
  3 orc priests
  2 bullfrog skeletons
  3 jellies
  An iguana (D:6)
  Terence (D:2)
  2 orc wizards
  7 worker ants
  A hound skeleton (D:4)
  8 gnolls
  7 adders
  A shadow imp (D:6)
  3 oozes
  6 worms
  A dart slug (D:2)
  6 leopard geckos
  10 orcs
  4 giant cockroaches
  5 goblins
  6 hobgoblins
  13 jackals
  4 quokkas
  11 bats
  3 frilled lizards
  18 kobolds
  A quokka skeleton (D:3)
  A rat (D:1)
178 creatures vanquished.

Vanquished Creatures (others)
  A wizard (D:4)
  6 plants (D:5)
7 creatures vanquished.

Grand Total: 185 creatures vanquished

Notes
Turn   | Place    | Note
-------+----------+-------------------------------------------
     0 | D:1      | Mrkan the Troll Fighter began the quest for the Orb.
     0 | D:1      | Reached XP level 1. HP: 22/22 MP: 0/0
   187 | D:1      | Reached XP level 2. HP: 23/29 MP: 1/1
   517 | D:1      | Reached skill level 3 in Unarmed Combat
   726 | D:2      | Reached XP level 3. HP: 36/36 MP: 2/2
  1354 | D:2      | Noticed Terence
  1362 | D:2      | Killed Terence
  1362 | D:2      | Gained mutation: Your natural rate of healing is unusually
                  | fast. [Troll growth]
  1362 | D:2      | Reached XP level 4. HP: 31/45 MP: 3/3
  1500 | D:2      | Reached skill level 4 in Unarmed Combat
  1613 | D:3      | Reached XP level 5. HP: 38/53 MP: 4/4
  1895 | D:3      | Found a hazy altar of Hepliaklqana.
  1912 | D:3      | Noticed Sigmund
  2005 | D:3      | Killed Sigmund
  2005 | D:3      | Reached skill level 5 in Unarmed Combat
  2005 | D:3      | Reached XP level 6. HP: 18/62 MP: 5/5
  2136 | D:3      | Found an opulent altar of Gozag.
  2137 | D:3      | Found a shimmering altar of Xom.
  2138 | D:3      | Found an iron altar of Okawaru.
  2138 | D:3      | Noticed Grinder
  2167 | D:3      | Reached skill level 6 in Unarmed Combat
  2172 | D:3      | Paralysed by Grinder for 3 turns
  2187 | D:3      | Killed Grinder
  2187 | D:3      | Reached XP level 7. HP: 11/71 MP: 6/6
  2409 | D:3      | Found a shimmering blue altar of Sif Muna.
  2764 | D:4      | Found a glowing silver altar of Zin.
  2835 | D:4      | Reached skill level 7 in Unarmed Combat
  2933 | D:4      | Found a bloodstained altar of Trog.
  2936 | D:4      | Noticed a wizard
  2941 | D:4      | Became a worshipper of Trog the Wrathful
  2942 | D:4      | Killed a wizard
  3225 | D:5      | Entered Level 5 of the Dungeon
  3283 | D:5      | Found a stormy altar of Qazlal.
  3335 | D:5      | Found a sparkling altar of Nemelex Xobeh.
  3338 | D:5      | Found a blossoming altar of Fedhas.
  3341 | D:5      | Found a burning altar of Makhleb.
  3361 | D:5      | Found an ornate altar of the Wu Jian Council.
  3386 | D:5      | Reached skill level 5 in Fighting
  3386 | D:5      | Reached XP level 8. HP: 76/80 MP: 7/7
  3445 | D:5      | Identified the +2 trident of Ecwiasuh {elec, Fragile rN+++
                  | Str+3}
  3445 | D:5      | Identified the cursed +0 buckler of Salvation {MP+9 Int-3
                  | Dex+3 Slay+5}
  3453 | D:5      | Reached skill level 8 in Unarmed Combat
  3479 | D:5      | Found a transporter.
  3479 | D:5      | Found a transporter.
  3513 | D:5      | Identified the ring of Qoggupo {Fire Int+3}
  3988 | D:5      | Reached * piety under Trog
  3988 | D:5      | Reached skill level 9 in Unarmed Combat
  4404 | D:6      | Found a staircase to the Ecumenical Temple.
  4448 | D:6      | Found a hide-covered altar of Uskayaw.
  4448 | D:6      | Noticed a +0 dagger
  4449 | D:6      | Noticed a +0 dagger
  4519 | D:6      | Reached XP level 9. HP: 64/89 MP: 8/8
  4653 | D:6      | Reached skill level 10 in Unarmed Combat
  4822 | D:7      | Reached ** piety under Trog
  4878 | D:7      | Found a transporter.
  4879 | D:7      | Noticed Joseph
  4909 | D:7      | Reached skill level 11 in Unarmed Combat
  4955 | D:7      | Killed Joseph
  5073 | D:7      | Noticed a troll
  5078 | D:7      | Killed a troll
  5109 | D:7      | Found a bloodstained altar of Trog.
  5109 | D:7      | Noticed a moth of wrath
  5118 | D:7      | Found a transporter.
  5121 | D:7      | Noticed Nr616's ghost (novice MiGl)
  5177 | D:7      | Reached XP level 10. HP: 102/102 MP: 9/9
  5213 | D:7      | Found a sacrificial altar of Ru.
  5222 | D:7      | Found an iron altar of Okawaru.
  5275 | D:7      | Reached skill level 12 in Unarmed Combat
  5497 | D:8      | Reached *** piety under Trog
  5498 | D:8      | Noticed a manticore
  5514 | D:8      | Slain by a manticore

Skill      XL: |  1  2  3  4  5  6  7  8  9 10 |
---------------+-------------------------------+-----
Unarmed Combat | 3 4 5 6 7 9 11 12 | 12.2
Fighting       | 3 4 5 6 7 |  7.7
Dodging        | |  2.4
Shields        | |  2.0

Action                   |  1- 3 |  4- 6 |  7- 9 | 10-12 || total
-------------------------+-------+-------+-------+-------++-------
Melee: Unarmed           |   137 |   216 |   350 |    69 ||   772
  Use: Scroll            |     6 |       |     2 |       ||     8
  Eat: Chunk             |    14 |     5 |    19 |     3 ||    41
Armor: Skin              |    60 |    76 |   180 |    16 ||   332
Dodge: Dodged            |    43 |    56 |    94 |     8 ||   201
Block: Shield            |    34 |       |       |       ||    34
       Large shield      |    75 |   162 |   383 |    43 ||   663
